NCAA
CALIFORNIA GOLDEN BEARS @ OREGON STATE BEAVERS
02/14/2060
 
TOP OF THE 1ST
California Golden Bears batting - Pitching for Oregon State Beavers : LHP Noel Beckett
Pitching: LHP Noel Beckett
Batting: RHB Darrin Turner 0-0: Ball
1-0: Ground out 5-3 (Groundball, 5, EV 90.6 MPH)
Batting: RHB Sterling Henry 0-0: Ball
1-0: Called Strike
1-1: Called Strike
1-2: Strikes out swinging
Batting: RHB Brian Van Hook 0-0: Called Strike
0-1: SINGLE (Line Drive, 3D, EV 95.6 MPH)
Batting: RHB Thalen Lizik 0-0: Ball
1-0: Swinging Strike
1-1: Ball
2-1: Swinging Strike
2-2: Strikes out swinging
Top of the 1st over - 0 runs, 1 hit, 0 errors, 1 left on base; California 0 - Oregon State 0
BOTTOM OF THE 1ST
Oregon State Beavers batting - Pitching for California Golden Bears : RHP Robby Costa
Pitching: RHP Robby Costa
Batting: LHB Evan Garrettson 0-0: Foul Ball, location: 2F
0-1: Ball
1-1: Ball
2-1: Ball
3-1: Called Strike
3-2: Fly out, F7 (Flyball, 7S, EV 83.1 MPH)
Batting: RHB Theo Prochazka 0-0: Ball
1-0: Foul Ball, location: 2F
1-1: Foul Ball, location: 2F
1-2: Foul Ball, location: 2F
1-2: Strikes out swinging
Batting: RHB Zane Sirignano 0-0: Swinging Strike
0-1: Swinging Strike
0-2: Strikes out swinging
Bottom of the 1st over - 0 runs, 0 hits, 0 errors, 0 left on base; California 0 - Oregon State 0
TOP OF THE 2ND
California Golden Bears batting - Pitching for Oregon State Beavers : LHP Noel Beckett
Batting: LHB Justyn Pehrson 0-0: Foul Ball, location: 2F
0-1: Swinging Strike
0-2: Ball
1-2: Ball
2-2: Ball
3-2: Fly out, F9 (Flyball, 9, EV 91.2 MPH)
Batting: RHB Cristian Stadler 0-0: Called Strike
0-1: Swinging Strike
0-2: Ball
1-2: Reached on error, E7 (Flyball, 78D, EV 94.4 MPH)
Batting: RHB Wyatt Wassell 0-0: Foul Ball, location: 2F
0-1: Ball
1-1: Called Strike
1-2: Ground out 6-3 (Groundball, 6S, EV 68.1 MPH)
Cristian Stadler to third
Batting: RHB Al Kunze 0-0: Swinging Strike
0-1: Ball
1-1: Swinging Strike
1-2: Foul Ball, location: 2F
1-2: Strikes out looking
Top of the 2nd over - 0 runs, 0 hits, 1 error, 1 left on base; California 0 - Oregon State 0
BOTTOM OF THE 2ND
Oregon State Beavers batting - Pitching for California Golden Bears : RHP Robby Costa
Batting: RHB Mike Walton 0-0: Ball
1-0: SINGLE (Line Drive, 3D, EV 103.8 MPH)
Batting: LHB Cole Williams 0-0: Ball
1-0: Ground out 4-3 (Groundball, 34S, EV 83.8 MPH)
Mike Walton to second
Batting: RHB Karsten Holland 0-0: Called Strike
0-1: Called Strike
0-2: Foul Ball, location: 2F
0-2: Ball
1-2: Fly out, F7 (Flyball, 7LS, EV 86.9 MPH)
Batting: SHB Shelton Kondo 0-0: Ball
1-0: Called Strike
1-1: Ball
2-1: SINGLE (Groundball, 56D, EV 101.2 MPH)
Mike Walton to third
Runner from 3rd tries for Home, SAFE, throw by LF to home
Batting: RHB Adrian Mellinger 0-0: Ball
Shelton Kondo steals 2nd base
1-0: Ground out 5-3 (Groundball, 56S, EV 86.9 MPH)
Bottom of the 2nd over - 1 run, 2 hits, 0 errors, 1 left on base; California 0 - Oregon State 1
TOP OF THE 3RD
California Golden Bears batting - Pitching for Oregon State Beavers : LHP Noel Beckett
Batting: LHB Will Shad 0-0: Fly out, F6 (Popup, 6M, EV 52.5 MPH)
Batting: RHB Darrin Turner 0-0: Ball
1-0: Called Strike
1-1: Swinging Strike
1-2: Strikes out swinging
Batting: RHB Sterling Henry 0-0: Swinging Strike
0-1: Foul Ball, location: 2F
0-2: Ball
1-2: Ball
2-2: Strikes out swinging
Top of the 3rd over - 0 runs, 0 hits, 0 errors, 0 left on base; California 0 - Oregon State 1
BOTTOM OF THE 3RD
Oregon State Beavers batting - Pitching for California Golden Bears : RHP Robby Costa
Batting: RHB Garland Soma 0-0: Called Strike
0-1: Ball
1-1: Swinging Strike
1-2: Reached on error, E5 (Groundball, 56S, EV 69.4 MPH)
Batting: LHB Evan Garrettson 0-0: Swinging Strike
0-1: Foul Ball, location: 2F
0-2: Foul Ball, location: 2F
0-2: Fly out, F8 (Flyball, 8RXD, EV 90.6 MPH)
Runner from 2nd tags up, SAFE at 3rd, no throw by CF
Batting: RHB Theo Prochazka 0-0: Reached via error on a dropped throw from 1B, E1 (Groundball, 34, EV 106.9 MPH)
Garland Soma scores
Batting: RHB Zane Sirignano 0-0: Swinging Strike
0-1: Ball
Theo Prochazka is caught stealing 2nd base 2-4
1-1: Foul Ball, location: 2F
1-2: Ball
2-2: Fly out, F7 (Flyball, 78S, EV 76.2 MPH)
Bottom of the 3rd over - 1 run, 0 hits, 2 errors, 0 left on base; California 0 - Oregon State 2
TOP OF THE 4TH
California Golden Bears batting - Pitching for Oregon State Beavers : LHP Noel Beckett
Batting: RHB Brian Van Hook 0-0: Ball
1-0: Foul Ball, location: 2F
1-1: Ball
2-1: Ball
3-1: SINGLE (Line Drive, 7S, EV 88.1 MPH)
Batting: RHB Thalen Lizik 0-0: Called Strike
0-1: Foul Ball, location: 2F
0-2: SINGLE (Groundball, 56S, EV 66.9 MPH) (infield hit)
Brian Van Hook to second
Batting: LHB Justyn Pehrson 0-0: Ball
1-0: Swinging Strike
1-1: Ball
2-1: Ball
3-1: Grounds into double play, 4-6-3 (Groundball, 4, EV 106.9 MPH)
Brian Van Hook to third
Batting: RHB Cristian Stadler 0-0: Ball
1-0: Called Strike
1-1: Ball
2-1: SINGLE (Groundball, 6MD, EV 96.9 MPH)
Brian Van Hook scores
Batting: RHB Wyatt Wassell 0-0: Ground out 5-3 (Groundball, 56S, EV 93.8 MPH)
Top of the 4th over - 1 run, 3 hits, 0 errors, 1 left on base; California 1 - Oregon State 2
BOTTOM OF THE 4TH
Oregon State Beavers batting - Pitching for California Golden Bears : RHP Robby Costa
Batting: RHB Mike Walton 0-0: Called Strike
0-1: Foul Ball, location: 2F
0-2: Ball
1-2: Ball
2-2: Ground out 6-3 (Groundball, 6, EV 99.4 MPH)
Batting: LHB Cole Williams 0-0: Called Strike
0-1: Ball
1-1: Fly out, F7 (Line Drive, 7LM, EV 98.8 MPH)
Batting: RHB Karsten Holland 0-0: Ball
1-0: Foul Ball, location: 2F
1-1: Ball
2-1: Called Strike
2-2: Foul Ball, location: 2F
2-2: Ball
3-2: SINGLE (Line Drive, 9S, EV 96.2 MPH)
Batting: SHB Shelton Kondo 0-0: Ball
1-0: Ball
2-0: Hit by Pitch
Karsten Holland to second
Batting: RHB Adrian Mellinger 0-0: Foul Ball, location: 2F
0-1: SINGLE (Groundball, 6MD, EV 103.8 MPH)
Karsten Holland to third
Shelton Kondo to second
Runner from 3rd tries for Home, SAFE, throw by CF to home
Batting: RHB Garland Soma 0-0: Foul Ball, location: 2F
0-1: Swinging Strike
0-2: Ball
1-2: Fly out, F8 (Flyball, 8RM, EV 88.1 MPH)
Bottom of the 4th over - 1 run, 2 hits, 0 errors, 2 left on base; California 1 - Oregon State 3
TOP OF THE 5TH
California Golden Bears batting - Pitching for Oregon State Beavers : LHP Noel Beckett
Batting: RHB Al Kunze 0-0: Ball
1-0: Ball
2-0: Swinging Strike
2-1: Foul Ball, location: 2F
2-2: Ground out 6-3 (Groundball, 6, EV 100.0 MPH)
Batting: LHB Will Shad 0-0: Ball
1-0: Ground out 5-3 (Groundball, 5L, EV 104.4 MPH)
Batting: RHB Darrin Turner 0-0: Called Strike
0-1: Swinging Strike
0-2: Ball
1-2: Ball
2-2: Foul Ball, location: 2F
2-2: Foul Ball, location: 2F
2-2: Ball
3-2: Foul Ball, location: 2F
3-2: Foul Ball, location: 2F
3-2: SINGLE (Line Drive, 56D, EV 103.8 MPH)
Batting: RHB Sterling Henry 0-0: Called Strike
0-1: Fly out, F3 (Popup, 34, EV 84.4 MPH)
Top of the 5th over - 0 runs, 1 hit, 0 errors, 1 left on base; California 1 - Oregon State 3
BOTTOM OF THE 5TH
Oregon State Beavers batting - Pitching for California Golden Bears : RHP Robby Costa
Batting: LHB Evan Garrettson 0-0: Called Strike
0-1: Foul Ball, location: 2F
0-2: Foul Ball, location: 2F
0-2: Ball
1-2: Foul Ball, location: 2F
1-2: Foul Ball, location: 2F
1-2: Ground out 1-3 (Groundball, 15S, EV 75.0 MPH)
Batting: RHB Theo Prochazka 0-0: Ball
1-0: Called Strike
1-1: Ground out 2-3 (Groundball, 13S, EV 66.2 MPH)
Batting: RHB Zane Sirignano 0-0: Called Strike
0-1: SOLO HOME RUN (Flyball, 7LD, EV 91.9 MPH), Distance : 328 ft
Batting: RHB Mike Walton 0-0: Fly out, F8 (Flyball, 8LD, EV 101.2 MPH)
Bottom of the 5th over - 1 run, 1 hit, 0 errors, 0 left on base; California 1 - Oregon State 4
TOP OF THE 6TH
California Golden Bears batting - Pitching for Oregon State Beavers : LHP Noel Beckett
Batting: RHB Brian Van Hook 0-0: Ball
1-0: Called Strike
1-1: SOLO HOME RUN (Line Drive, 7D, EV 96.9 MPH), Distance : 366 ft
Pitching: RHP Stephan Valenzuela
Batting: RHB Thalen Lizik 0-0: DOUBLE (Line Drive, 8LXD, EV 106.9 MPH)
Batting: LHB Justyn Pehrson 0-0: Called Strike
0-1: Ball
1-1: Ball
2-1: Ball
3-1: SINGLE (Groundball, 4D, EV 101.2 MPH)
Thalen Lizik to third
Batting: RHB Cristian Stadler 0-0: Ball
1-0: Grounds into double play, 5-4-3 (Groundball, 56, EV 88.8 MPH)
Thalen Lizik scores
Batting: RHB Wyatt Wassell 0-0: Foul Ball, location: 2F
0-1: Ball
1-1: Foul Ball, location: 2F
1-2: Ball
2-2: Foul Ball, location: 2F
2-2: DOUBLE (Line Drive, 89D, EV 105.6 MPH)
Batting: RHB Al Kunze 0-0: Called Strike
0-1: Swinging Strike
0-2: Foul Ball, location: 2F
0-2: Ball
1-2: Strikes out swinging
Top of the 6th over - 2 runs, 4 hits, 0 errors, 1 left on base; California 3 - Oregon State 4
BOTTOM OF THE 6TH
Oregon State Beavers batting - Pitching for California Golden Bears : RHP Robby Costa
Pitching: LHP Bryce Nihill
Batting: LHB Cole Williams 0-0: Fly out, F7 (Flyball, 78M, EV 87.5 MPH)
Batting: RHB Karsten Holland 0-0: Foul Ball, location: 2F
0-1: Ball
1-1: Ball
2-1: Fly out, F7 (Flyball, 7, EV 83.1 MPH)
Batting: SHB Shelton Kondo 0-0: Foul Ball, location: 2F
0-1: Ground out 5-3 (Groundball, 5S, EV 81.2 MPH)
Bottom of the 6th over - 0 runs, 0 hits, 0 errors, 0 left on base; California 3 - Oregon State 4
TOP OF THE 7TH
California Golden Bears batting - Pitching for Oregon State Beavers : RHP Stephan Valenzuela
Batting: LHB Will Shad 0-0: Ball
1-0: Fly out, F7 (Flyball, 7D, EV 106.2 MPH)
Batting: RHB Darrin Turner 0-0: Called Strike
0-1: Ball
1-1: Ball
2-1: Called Strike
2-2: Ball
3-2: Base on Balls
Batting: RHB Sterling Henry 0-0: Called Strike
0-1: Hit by Pitch
Darrin Turner to second
Batting: RHB Brian Van Hook 0-0: Fly out, F8 (Flyball, 8LD, EV 86.9 MPH)
Batting: RHB Thalen Lizik 0-0: Ball
1-0: 3-RUN HOME RUN (Flyball, 7D, EV 98.8 MPH), Distance : 361 ft
Pitching: LHP Anson Butron
Batting: LHB Justyn Pehrson 0-0: Ball
1-0: Ball
2-0: Called Strike
2-1: Ball
3-1: Base on Balls
Batting: RHB Cristian Stadler 0-0: SINGLE (Line Drive, 7LS, EV 94.4 MPH)
Justyn Pehrson to second
Batting: RHB Wyatt Wassell 0-0: Ball
1-0: Called Strike
1-1: Hit by Pitch
Justyn Pehrson to third
Cristian Stadler to second
Batting: RHB Al Kunze 0-0: Ball
1-0: Foul Ball, location: 2F
1-1: Ball
2-1: Foul Ball, location: 2F
2-2: Ball
3-2: Base on Balls
Justyn Pehrson scores
Cristian Stadler to third
Wyatt Wassell to second
Batting: LHB Will Shad 0-0: Fly out, F8 (Line Drive, 8LD, EV 103.1 MPH)
Top of the 7th over - 4 runs, 2 hits, 0 errors, 3 left on base; California 7 - Oregon State 4
BOTTOM OF THE 7TH
Oregon State Beavers batting - Pitching for California Golden Bears : LHP Bryce Nihill
Batting: RHB Adrian Mellinger 0-0: Ball
1-0: Foul Ball, location: 2F
1-1: Swinging Strike
1-2: Strikes out swinging
Batting: RHB Garland Soma 0-0: Ball
1-0: Ball
2-0: Ground out 6-3 (Groundball, 6, EV 87.5 MPH)
Batting: LHB Evan Garrettson 0-0: SINGLE (Line Drive, 8LS, EV 88.8 MPH)
Batting: RHB Theo Prochazka 0-0: Ball
1-0: Ball
2-0: DOUBLE (Flyball, 89D, EV 97.5 MPH)
Evan Garrettson to third
Batting: RHB Zane Sirignano 0-0: Ball
1-0: Ground out 5-3 (Groundball, 5, EV 86.2 MPH)
Bottom of the 7th over - 0 runs, 2 hits, 0 errors, 2 left on base; California 7 - Oregon State 4
TOP OF THE 8TH
California Golden Bears batting - Pitching for Oregon State Beavers : LHP Anson Butron
Batting: RHB Darrin Turner 0-0: Ball
1-0: Ball
2-0: Foul Ball, location: 2F
2-1: Foul Ball, location: 2F
2-2: Foul Ball, location: 2F
2-2: Strikes out looking
Batting: RHB Sterling Henry 0-0: Called Strike
0-1: Ground out 6-3 (Groundball, 6, EV 84.4 MPH)
Batting: RHB Brian Van Hook 0-0: Foul Ball, location: 2F
0-1: SOLO HOME RUN (Flyball, 7D, EV 98.1 MPH), Distance : 374 ft
Batting: RHB Thalen Lizik 0-0: Ball
1-0: DOUBLE (Groundball, 5L, EV 105.0 MPH)
Pitching: LHP Christopher Richardson
Batting: LHB Justyn Pehrson 0-0: Fly out, F7 (Flyball, 7, EV 83.8 MPH)
Top of the 8th over - 1 run, 2 hits, 0 errors, 1 left on base; California 8 - Oregon State 4
BOTTOM OF THE 8TH
Oregon State Beavers batting - Pitching for California Golden Bears : LHP Bryce Nihill
Batting: RHB Mike Walton 0-0: Ball
1-0: Swinging Strike
1-1: Foul Ball, location: 2F
1-2: Ball
2-2: Ball
3-2: Strikes out swinging
Batting: LHB Cole Williams 0-0: Ball
1-0: Called Strike
1-1: SINGLE (Groundball, 6MD, EV 96.9 MPH)
Batting: RHB Karsten Holland 0-0: Ball
1-0: Foul Ball, location: 2F
1-1: Swinging Strike
1-2: Foul Ball, location: 2F
1-2: 2-RUN HOME RUN (Flyball, 78XD, EV 101.2 MPH), Distance : 399 ft
Batting: SHB Shelton Kondo 0-0: Ball
1-0: Foul Ball, location: 2F
1-1: Fly out, F8 (Flyball, 8RXD, EV 100.6 MPH)
Batting: RHB Adrian Mellinger 0-0: Ball
1-0: Foul Ball, location: 2F
1-1: Called Strike
1-2: Foul Ball, location: 2F
1-2: Foul Ball, location: 2F
1-2: Foul Ball, location: 2F
1-2: Ball
2-2: Ball
3-2: Base on Balls
Pitching: RHP Davis Williams
Batting: RHB Garland Soma 0-0: Ball
Pickoff Throw by Catcher to First - Error! E2
Adrian Mellinger to second
1-0: Fly out, F8 (Flyball, 8RD, EV 98.1 MPH)
Bottom of the 8th over - 2 runs, 2 hits, 1 error, 1 left on base; California 8 - Oregon State 6
TOP OF THE 9TH
California Golden Bears batting - Pitching for Oregon State Beavers : LHP Christopher Richardson
Batting: RHB Cristian Stadler 0-0: Ball
1-0: Foul Ball, location: 2F
1-1: Ground out 3-1 (Groundball, 34S, EV 78.8 MPH)
Batting: RHB Wyatt Wassell 0-0: Foul Ball, location: 2F
0-1: Ball
1-1: Called Strike
1-2: Strikes out swinging
Batting: RHB Al Kunze 0-0: Foul Ball, location: 2F
0-1: SOLO HOME RUN (Flyball, 9D, EV 101.9 MPH), Distance : 384 ft
Batting: LHB Will Shad 0-0: Called Strike
0-1: Ball
1-1: Called Strike
1-2: Ball
2-2: Ball
3-2: Base on Balls
Batting: RHB Darrin Turner 0-0: Ground out 6-3 (Groundball, P, EV 80.6 MPH)
Top of the 9th over - 1 run, 1 hit, 0 errors, 1 left on base; California 9 - Oregon State 6
BOTTOM OF THE 9TH
Oregon State Beavers batting - Pitching for California Golden Bears : RHP Davis Williams
Batting: LHB Evan Garrettson 0-0: Ball
1-0: Called Strike
1-1: Swinging Strike
1-2: Strikes out swinging
Pinch Hitting: LHB Al Dunlap 0-0: Called Strike
0-1: Called Strike
0-2: SINGLE (Groundball, 6MS, EV 71.9 MPH) (infield hit)
Batting: RHB Zane Sirignano 0-0: Called Strike
0-1: Foul Ball, location: 2F
0-2: Strikes out swinging
Batting: RHB Mike Walton 0-0: Ball
1-0: Called Strike
1-1: Ball
2-1: Called Strike
2-2: Strikes out looking
Bottom of the 9th over - 0 runs, 1 hit, 0 errors, 1 left on base; California 9 - Oregon State 6
Sunday, April 14th , 2024 - OOTP Baseball 23.10 Build 110